 Dungeon Crawl Stone Soup version 0.30.1-4-g462c640d31 (webtiles) character file.

Game seed: 6196873198038936943

6699 Bobit the Zephyrmancer (level 11, -11/81 HPs)
             Began as a Gnoll Wanderer on Aug 11, 2023.
             Was an Initiate of Yredelemnul.
             Mangled by a catoblepas (31 damage)
             ... on level 1 of the Lair of Beasts on Aug 12, 2023.
             The game lasted 00:41:03 (11732 turns).

Bobit the Zephyrmancer (Gnoll Wanderer)            Turns: 11732, Time: 00:41:04

Health: -11/81     AC:  5    Str:  8    XL:     11   Next: 3%
Magic:  19/21      EV: 14    Int: 27    God:    Yredelemnul [......]
Gold:   716        SH:  0    Dex: 10    Spells: 3/23 levels left

rFire   . . .        I - +1 dagger (pain)
rCold   . . .        (no shield)
rNeg    . . .        c - +0 robe
rPois   .            E - +0 helmet
rElec   .            d - +0 cloak
rCorr   .            (no gloves)
SInv    .            (no boots)
Will    +....        r - amulet of magic regeneration
Stlth   +++          H - +6 ring of intelligence
HPRegen 0.33/turn    C - ring of willpower
MPRegen 0.57/turn

%: no passive effects
@: swift, very quick
A: fangs 1, strong nose, distributed training
a: Renounce Religion, Recall Undead Harvest


You were on level 1 of the Lair of Beasts.
You worshipped Yredelemnul.
Yredelemnul was noncommittal.
You visited 3 branches of the dungeon, and saw 11 of its levels.
You also visited: Ossuary.

You collected 716 gold pieces.

Inventory:

Hand Weapons
 a - a +0 dagger
 I - a +1 dagger of pain (weapon)
 M - a +3 scimitar
Armour
 c - a +0 robe (worn)
 d - a +0 cloak (worn)
 k - a +0 hat
 E - a +0 helmet (worn)
Jewellery
 f - a ring of magical power
 q - a ring of protection from fire
 r - an amulet of magic regeneration (around neck)
 s - a ring of poison resistance
 C - a ring of willpower (right hand)
 D - a +6 ring of dexterity
 H - a +6 ring of intelligence (left hand)
 P - a ring of protection from fire
Wands
 u - a wand of quicksilver (3)
 F - a wand of flame (16)
Scrolls
 b - 2 scrolls of fog
 e - 2 scrolls of poison
 g - 3 scrolls of enchant weapon
 i - 2 scrolls of fear
 n - a scroll of brand weapon
 t - 3 scrolls of magic mapping
 w - a scroll of silence {unknown}
 x - 3 scrolls of teleportation
 y - a scroll of blinking {unknown}
 L - 2 scrolls of immolation
 N - a scroll of butterflies {unknown}
Potions
 h - 5 potions of mutation
 j - 3 potions of invisibility
 l - 2 potions of cancellation
 m - a potion of lignification {unknown}
 o - 4 potions of heal wounds
 p - a potion of resistance {unknown}
 v - 4 potions of curing
 z - a potion of degeneration {unknown}
 A - a potion of attraction {unknown}
 B - 2 potions of haste
 G - 2 potions of magic
 J - 2 potions of might
 K - a potion of berserk rage {unknown}
 O - 2 potions of brilliance {unknown}


   Skills:
 + Level 6.1 Fighting
 + Level 6.1 Short Blades
 + Level 6.1 Long Blades
 + Level 6.1 Axes
 + Level 6.1 Maces & Flails
 + Level 6.1 Polearms
 + Level 6.1 Staves
 + Level 6.1 Ranged Weapons
 + Level 6.1 Throwing
 + Level 6.1 Armour
 + Level 7.7 Dodging
 + Level 6.1 Stealth
 + Level 6.1 Shields
 + Level 6.1 Unarmed Combat
 + Level 6.7 Spellcasting
 + Level 5.0 Conjurations
 + Level 5.0 Hexes
 + Level 5.0 Summonings
 + Level 5.0 Necromancy
 + Level 5.0 Translocations
 + Level 5.0 Transmutations
 + Level 5.0 Fire Magic
 + Level 5.0 Ice Magic
 + Level 10.1 Air Magic
 + Level 6.4 Earth Magic
 + Level 5.0 Poison Magic
 + Level 6.7 Invocations
 + Level 6.1 Evocations


You had 3 spell levels left.
You knew the following spells:

 Your Spells              Type           Power      Damage    Failure   Level
a - Shock                 Conj/Air       100%       1d9       1%          1
b - Sandblast             Erth           86%        2d18      1%          1
c - Vhi's Electric Charg  Tloc/Air       100%       N/A       1%          3
d - Swiftness             Air            59%        N/A       1%          3
e - Summon Lightning Spi  Summ/Air       50%        N/A       2%          4
f - Passwall              Tmut/Erth      33%        N/A       1%          2
g - Conjure Ball Lightni  Conj/Air       25%        3x3d7     38%         6

Your spell library contained the following spells:

 Spells                   Type           Power      Damage    Failure   Level
 Apportation              Tloc           72%        N/A       1%          1
 Beastly Appendage        Tmut           72%        N/A       1%          1
 Ensorcelled Hibernation  Hex/Ice        72%        N/A       1%          2
 Sublimation of Blood     Necr           36%        N/A       1%          2
 Wereblood                Tmut           36%        N/A       1%          2
 Stone Arrow              Conj/Erth      80%        3d12      1%          3
 Spider Form              Tmut/Pois      36%        N/A       2%          3
 Tukima's Dance           Hex            36%        N/A       2%          3
 Passage of Golubria      Tloc           36%        N/A       8%          4
 Alistair's Intoxication  Tmut/Pois      24%        N/A       21%         5
 Fireball                 Conj/Fire      18%        3d9       21%         5
 Iskenderun's Battlesphe  Conj           36%        2d9       21%         5
 Summon Forest            Summ/Tloc      18%        N/A       21%         5
 Yara's Violent Unravell  Hex/Tmut       18%        3d9       21%         5
 Eringya's Noxious Bog    Tmut/Pois      18%        N/A       75%         6
 Orb of Destruction       Conj           18%        9d8       99%         7
 Summon Hydra             Summ           18%        N/A       99%         7


Dungeon Overview and Level Annotations

Branches:
Dungeon (9/15)             Temple (1/1) D:7            Lair (1/5) D:8
Ossuary (visited)
    Orc: D:9-12

Altars:
Ashenzari
Cheibriados
Dithmenos
Elyvilon
Fedhas
Gozag
Hepliaklqana
Kikubaaqudgha
Makhleb
Nemelex Xobeh
Okawaru
Qazlal
Ru
Sif Muna
Trog
Uskayaw
Vehumet
Wu Jian
Xom
Yredelemnul
Zin
The Shining One


Innate Abilities, Weirdness & Mutations

You have very sharp teeth.
Your uncanny sense of smell can sniff out nearby items.
Your experience applies equally to all skills.


Message History

Casting: Summon Lightning Spire (dangerous; 2% risk of failure)
Confirm with . or Enter, or press ? or * to list all spells.
An electric hum fills the air.
You are engulfed in calcifying dust.
You are slowing down.
The catoblepas breathes a plume of calcifying dust at you.
The blast of calcifying dust hits you!
Unknown command.
Unknown command.
Unknown command.
The plant is engulfed in calcifying dust.
The catoblepas gores you.
Your limbs are stiffening.
Casting: Summon Lightning Spire (dangerous; 2% risk of failure)
Confirm with . or Enter, or press ? or * to list all spells.
Aiming: Sandblast (safe; 1% risk of failure)
Press: ? - help, Shift-Dir - straight line, f/p - catoblepas
Aim: a catoblepas (moderately wounded, ally target, 100% to hit)
The blast of sand hits the catoblepas!
The catoblepas is heavily wounded.
A nearby plant withers and dies.
The catoblepas gores you! x2
You have turned to stone.
The catoblepas gores you!
The catoblepas breathes a plume of calcifying dust at you.
The blast of calcifying dust hits you.
You are engulfed in calcifying dust.
The catoblepas gores you!
You are engulfed in calcifying dust.
The catoblepas gores you!
You are engulfed in calcifying dust.
The catoblepas gores you!!
You are engulfed in calcifying dust.
The catoblepas gores you!
You are engulfed in calcifying dust.
The catoblepas gores you but does no damage.
The catoblepas gores you!!
* * * LOW HITPOINT WARNING * * *
The catoblepas gores you!
* * * LOW HITPOINT WARNING * * *
You turn to flesh and can move again.
Unknown command.
Casting: Sandblast (safe; 1% risk of failure)
Confirm with . or Enter, or press ? or * to list all spells.
You feel quick. The catoblepas gores you!!
You die...
Your body rises from the dead as a mindless zombie.

## ### ###
###8###.###############.#########
.................................
.................................
..........:...8Y@................
.....#######..........#####......
....## #.#####P..## #...... #..>
#.# ###.P# ##...... #... #.# #..#
#....... .... #.# #.######......
#... ..# ##.###........# ..#
#..#..........# ..#
.###....P.......#


You could see a catoblepas (ally target) and a friendly lightning spire
(summoned).

Vanquished Creatures
  A black mamba (Lair:1)
  Joseph (D:8)
  The ghost of Diggabert the Conjurer, an amateur DECj (D:3)
  An ice beast (D:6)
  4 black bears
  2 bullfrogs
  A gnoll sergeant (D:7)
  5 scorpions
  An electric eel (D:7)
  A centaur zombie (Ossuary)
  3 hounds
  A human zombie (Ossuary)
  2 jellies (D:7)
  An orc priest (D:6)
  2 iron imps (D:3)
  2 scorpion zombies (Ossuary)
  2 iguanas (D:6)
  3 orc wizards
  2 mummies (Ossuary)
  4 gnolls (D:7)
  5 adders
  2 adder zombies (D:3)
  2 worms
  A dart slug (D:3)
  15 orcs
  3 ball pythons
  4 bats (D:3)
  5 endoplasms
  2 giant cockroaches (D:2)
  2 gnoll zombies (Ossuary)
  3 goblins
  8 hobgoblins
  A jackal (D:5)
  3 quokkas
  5 frilled lizards
  A goblin zombie (Ossuary)
  7 kobolds
  A kobold zombie (Ossuary)
  A quokka zombie (D:5)
  5 rats
  A rat zombie (D:5)
117 creatures vanquished.

Vanquished Creatures (collateral kills)
  2 cane toads (Lair:1)
  A komodo dragon (Lair:1)
  4 polar bears (Lair:1)
  A basilisk (Lair:1)
  A water moccasin (Lair:1)
  An orc warrior (D:8)
  7 black bears
  An ogre (D:6)
  2 centaurs
  A phantom (D:5)
  2 bullfrogs
  7 scorpions
  5 wights (D:7)
  3 centaur zombies (Ossuary)
  2 human zombies (Ossuary)
  An orc priest (D:7)
  A jelly (D:6)
  An iron imp (D:3)
  4 scorpion zombies (Ossuary)
  2 iguanas (D:4)
  A mummy (Ossuary)
  A dart slug (D:4)
  9 orcs
  A gnoll zombie (Ossuary)
  3 jackals (D:5)
  A goblin zombie (Ossuary)
  A hobgoblin zombie (Ossuary)
  A kobold zombie (Ossuary)
  3 orc zombies
70 creatures vanquished.

Vanquished Creatures (others)
  An unseen horror (D:8)
  A black mamba zombie (Lair:1)
  A komodo dragon zombie (Lair:1)
  A water moccasin zombie (Lair:1)
  3 polar bear zombies (Lair:1)
  A bullfrog zombie (D:8)
  A basilisk zombie (Lair:1)
  4 black bear zombies
  3 scorpion zombies (Ossuary)
  A hound zombie (D:4)
  A bat zombie (D:3)
  4 gnoll zombies (D:7)
  6 orc zombies
28 creatures vanquished.

Grand Total: 215 creatures vanquished

Notes
Turn   | Place    | Note
-------+----------+-------------------------------------------
     0 | D:1      | Bobit the Gnoll Wanderer began the quest for the Orb.
     0 | D:1      | Bobit set off with the following items: a +0 dagger, a
                  | scroll of fog, a +0 robe, a +0 cloak; and the following
                  | spells available to memorise: Shock, Sandblast, Vhi's
                  | Electric Charge, Stone Arrow, Summon Lightning Spire.
     0 | D:1      | Reached XP level 1. HP: 13/13 MP: 4/4
     2 | D:1      | Learned a level 1 spell: Shock
   265 | D:1      | Reached XP level 2. HP: 19/19 MP: 3/5
   372 | D:1      | Learned a level 1 spell: Sandblast
  1125 | D:2      | Reached XP level 3. HP: 25/25 MP: 2/7
  1129 | D:2      | Learned a level 3 spell: Vhi's Electric Charge
  1444 | D:2      | Reached skill level 1 in Invocations
  1839 | D:2      | Reached skill level 1 in Fighting
  1839 | D:2      | Reached skill level 1 in Short Blades
  1839 | D:2      | Reached skill level 1 in Long Blades
  1839 | D:2      | Reached skill level 1 in Axes
  1839 | D:2      | Reached skill level 1 in Maces & Flails
  1839 | D:2      | Reached skill level 1 in Polearms
  1839 | D:2      | Reached skill level 1 in Staves
  1839 | D:2      | Reached skill level 1 in Ranged Weapons
  1839 | D:2      | Reached skill level 1 in Throwing
  1839 | D:2      | Reached skill level 1 in Armour
  1839 | D:2      | Reached skill level 1 in Stealth
  1839 | D:2      | Reached skill level 1 in Shields
  1839 | D:2      | Reached skill level 1 in Unarmed Combat
  1839 | D:2      | Reached skill level 1 in Evocations
  1952 | D:3      | Found a shimmering altar of Xom.
  2074 | D:3      | Reached XP level 4. HP: 32/32 MP: 1/8
  2255 | D:3      | Reached skill level 1 in Conjurations
  2255 | D:3      | Reached skill level 1 in Hexes
  2255 | D:3      | Reached skill level 1 in Summonings
  2255 | D:3      | Reached skill level 1 in Necromancy
  2255 | D:3      | Reached skill level 1 in Translocations
  2255 | D:3      | Reached skill level 1 in Transmutations
  2255 | D:3      | Reached skill level 1 in Fire Magic
  2255 | D:3      | Reached skill level 1 in Ice Magic
  2255 | D:3      | Reached skill level 1 in Poison Magic
  2482 | D:3      | Reached XP level 5. HP: 37/37 MP: 7/9
  2537 | D:3      | Found a burning altar of Makhleb.
  2781 | D:3      | Found a runed translucent gate.
  2781 | D:3      | Found a runed translucent gate.
  2781 | D:3      | Found a runed translucent gate.
  2781 | D:3      | Noticed Diggabert's ghost (amateur DECj)
  2806 | D:3      | Found a basalt altar of Yredelemnul.
  2819 | D:3      | Became a worshipper of Yredelemnul the Dark
  3137 | D:3      | Reached * piety under Yredelemnul
  3326 | D:3      | Reached XP level 6. HP: 26/44 MP: 0/11
  3533 | D:3      | Killed Diggabert's ghost
  3534 | D:3      | Reached skill level 5 in Dodging
  3534 | D:3      | Reached skill level 9 in Air Magic
  3601 | D:4      | Noticed a black bear
  3623 | D:4      | Killed a black bear
  3624 | D:4      | Reached XP level 7. HP: 42/51 MP: 6/12
  4607 | D:4      | Learned a level 3 spell: Swiftness
  4612 | D:4      | Learned a level 4 spell: Summon Lightning Spire
  4920 | D:5      | Entered Level 5 of the Dungeon
  5039 | D:5      | Found a sand-covered staircase.
  5052 | Ossuary  | Entered an ossuary
  5195 | Ossuary  | Reached XP level 8. HP: 56/58 MP: 8/14
  5953 | Ossuary  | Reached skill level 5 in Earth Magic
  6051 | Ossuary  | Reached XP level 9. HP: 22/65 MP: 9/16
  6544 | D:5      | Reached skill level 5 in Spellcasting
  7071 | D:5      | Found a white marble altar of Elyvilon.
  7071 | D:5      | Found a blossoming altar of Fedhas.
  7343 | D:5      | Found a broken altar of Ashenzari.
  7344 | D:5      | Found a glowing golden altar of the Shining One.
  7539 | D:6      | Found a hazy altar of Hepliaklqana.
  7936 | D:6      | Reached ** piety under Yredelemnul
  8672 | D:7      | Reached skill level 5 in Invocations
  8770 | D:7      | Learned a level 2 spell: Passwall
  8908 | D:7      | Found a staircase to the Ecumenical Temple.
  9552 | D:8      | Noticed Joseph
  9999 | D:8      | Reached skill level 5 in Fighting
  9999 | D:8      | Reached skill level 5 in Short Blades
  9999 | D:8      | Reached skill level 5 in Long Blades
  9999 | D:8      | Reached skill level 5 in Axes
  9999 | D:8      | Reached skill level 5 in Maces & Flails
  9999 | D:8      | Reached skill level 5 in Polearms
  9999 | D:8      | Reached skill level 5 in Staves
  9999 | D:8      | Reached skill level 5 in Ranged Weapons
  9999 | D:8      | Reached skill level 5 in Throwing
  9999 | D:8      | Reached skill level 5 in Armour
  9999 | D:8      | Reached skill level 5 in Stealth
  9999 | D:8      | Reached skill level 5 in Shields
  9999 | D:8      | Reached skill level 5 in Unarmed Combat
  9999 | D:8      | Reached skill level 5 in Evocations
  9999 | D:8      | Reached XP level 10. HP: 67/74 MP: 13/18
 10029 | D:8      | Killed an unseen horror
 10032 | D:8      | Killed Joseph
 10290 | D:8      | Found a staircase to the Lair.
 10553 | D:8      | Found a hide-covered altar of Uskayaw.
 10756 | Temple   | Entered the Ecumenical Temple
 10881 | D:7      | Learned a level 6 spell: Conjure Ball Lightning
 10923 | Lair:1   | Entered Level 1 of the Lair of Beasts
 10923 | Lair:1   | Noticed a black mamba
 10932 | Lair:1   | Killed a black mamba
 10954 | Lair:1   | Reached *** piety under Yredelemnul
 10954 | Lair:1   | Reached skill level 10 in Air Magic
 11015 | Lair:1   | Noticed a cane toad
 11040 | Lair:1   | Killed a cane toad
 11444 | Lair:1   | Noticed a cane toad
 11468 | Lair:1   | Killed a cane toad
 11560 | Lair:1   | Reached skill level 5 in Conjurations
 11560 | Lair:1   | Reached skill level 5 in Hexes
 11560 | Lair:1   | Reached skill level 5 in Summonings
 11560 | Lair:1   | Reached skill level 5 in Necromancy
 11560 | Lair:1   | Reached skill level 5 in Translocations
 11560 | Lair:1   | Reached skill level 5 in Transmutations
 11560 | Lair:1   | Reached skill level 5 in Fire Magic
 11560 | Lair:1   | Reached skill level 5 in Ice Magic
 11560 | Lair:1   | Reached skill level 5 in Poison Magic
 11573 | Lair:1   | Reached XP level 11. HP: 79/81 MP: 21/21
 11691 | Lair:1   | Noticed a catoblepas
 11732 | Lair:1   | Mangled by a catoblepas

Illustrated notes

Levels and vault maps discovered:
D:1:      lightli_arrival_quake, layout_loops_ring, minmay_hexomino_p4
D:2:      layout_basic
D:3:      layout_basic, demons_altar, nicolae_yredelemnul_ghost_church,
          xom_teletrap_fun, hangedman_decor_push, kennysheep_big_empty_room
D:4:      layout_layer_cave
D:5:      layout_layer_cave, mainiacjoe_overflow_divided_tiny,
          nicolae_overflow_two_pavilions, enter_ossuary_4,
          kennysheep_generic_room_9
D:6:      layout_gridville, mainiacjoe_overflow_concentric_impassable
D:7:      layout_basic, minmay_temple_entry_large_hall, minmay_crystal_water
D:8:      layout_loops_ring, marbit_many_paths, grunt_lair_entry_orc_guard_hut,
          uniq_joseph
D:9:      layout_basic, grunt_decor_mini_mirrors, kennysheep_generic_room_3
Temple:   nicolae_temple_god_jail
Lair:1:   beast_lair_carwin_large_1, layout_chaotic_city,
          ebering_ghost_reflecting_pool, lemuel_fruit_fields, uniq_fannar

Skill      XL: |  1  2  3  4  5  6  7  8  9 10 |
---------------+-------------------------------+-----
Invocations    | 1 2 3 4 5 6 |  6.7
Fighting       | 1 2 3 5 6 |  6.1
Short Blades   | 1 2 3 5 6 |  6.1
Long Blades    | 1 2 3 5 6 |  6.1
Axes           | 1 2 3 5 6 |  6.1
Maces & Flails | 1 2 3 5 6 |  6.1
Polearms       | 1 2 3 5 6 |  6.1
Staves         | 1 2 3 5 6 |  6.1
Ranged Weapons | 1 2 3 5 6 |  6.1
Throwing       | 1 2 3 5 6 |  6.1
Armour         | 1 2 3 5 6 |  6.1
Stealth        | 1 2 3 5 6 |  6.1
Shields        | 1 2 3 5 6 |  6.1
Unarmed Combat | 1 2 3 5 6 |  6.1
Evocations     | 1 2 3 5 6 |  6.1
Spellcasting   | 3 4 5 6 |  6.7
Conjurations   | 1 2 3 4 5 |  5.0
Hexes          | 1 2 3 4 5 |  5.0
Summonings     | 1 2 3 4 5 |  5.0
Necromancy     | 1 2 3 4 5 |  5.0
Translocations | 1 2 3 4 5 |  5.0
Transmutations | 1 2 3 4 5 |  5.0
Fire Magic     | 1 2 3 4 5 |  5.0
Ice Magic      | 1 2 3 4 5 |  5.0
Poison Magic   | 1 2 3 4 5 |  5.0
Earth Magic    | 4 5 6 |  6.4
Dodging        | 5 6 7 |  7.7
Air Magic      | 9 10 | 10.1

Action                     |  1- 3 |  4- 6 |  7- 9 | 10-12 || total
---------------------------+-------+-------+-------+-------++-------
  Melee: Dagger            |    72 |    40 |    26 |     1 ||   139
         Bite              |     4 |     5 |     5 |       ||    14
         Punch             |       |       |     2 |       ||     2
   Cast: Shock             |    37 |    22 |    25 |       ||    84
         Sandblast         |     3 |    49 |   125 |    13 ||   190
         Vhi's Electric Ch |     3 |     2 |     6 |       ||    11
         Summon Lightning  |       |       |    25 |    23 ||    48
         Swiftness         |       |       |     2 |     1 ||     3
 Invoke: Recall Undead Har |       |     1 |       |       ||     1
  Evoke: Wand              |       |       |       |     3 ||     3
    Use: Scroll            |       |       |       |    15 ||    15
   Stab: Sleeping          |       |     1 |       |       ||     1
 Armour: Robe              |    17 |    14 |    43 |    13 ||    87
  Dodge: Dodged            |    37 |    50 |   140 |    15 ||   242
